 Dungeon Crawl Stone Soup version 0.23.2-30-g0e89c35649 (webtiles) character file.

Game seed: 2767657511591233443

109 Lokunos the Stinger (level 4, -2/36 HPs)
             Began as a Draconian Venom Mage on June 19, 2019.
             Was an Initiate of Ru.
             Slain by an orc
             ... wielding a +0 flail
              (6 damage)
             ... on level 3 of the Dungeon.
             The game lasted 00:15:45 (2282 turns).

Lokunos the Stinger (Draconian Venom Mage)          Turns: 2282, Time: 00:15:45

Health: -2/36      AC:  6    Str: 10      XL:     4   Next: 60%
Magic:  7/7        EV: 12    Int: 17      God:    Ru [......]
Gold:   122        SH:  0    Dex: 10 (11) Spells: 7/8 levels left

rFire    + . .     SeeInvis .   h - +0 mace (curse)
rCold    . . .     Gourm    .   (no shield)
rNeg     . . .     Faith    .   (armour unavailable)
rPois    .         Spirit   .   (helmet restricted)
rElec    .         Reflect  .   (no cloak)
rCorr    .         Harm     .   (no gloves)
MR       .....     Rnd*Tele +   (no boots)
Stlth    ++........             (no amulet)
HPRegen  0.12/turn              g - ring of teleportation (curse)
MPRegen  0.10/turn              (no ring)

@: berserk cooldown, slowed, very slow
A: unfitting armour, deterioration 1, fire resistance 1, robust 1, shaggy fur 1,
cold-blooded, AC +5
a: Renounce Religion


You were on level 3 of the Dungeon.
You worshipped Ru.
Ru was noncommittal.
You were hungry.

You visited 1 branch of the dungeon, and saw 3 of its levels.

You collected 122 gold pieces.

Inventory:

Hand Weapons
 d - a +1 short sword
 h - a cursed +0 mace (weapon)
Missiles
 l - 6 silver tomahawks (quivered)
Jewellery
 g - a cursed ring of teleportation (left hand)
Scrolls
 f - a scroll of amnesia
 j - a scroll of identify
 k - a scroll of teleportation
Potions
 a - a potion of brilliance
Comestibles
 b - 4 rations


   Skills:
 + Level 2.4 Dodging
 + Level 2.3 Stealth
 + Level 2.5 Spellcasting
 + Level 1.7 Conjurations
 * Level 4.2 Poison Magic


You had 7 spell levels left.
You knew the following spells:

 Your Spells              Type           Power        Failure   Level  Hunger
a - Sting                 Conj/Pois      ##..         5%          1    #......

Your spell library contained the following spells:

 Spells                   Type           Power        Failure   Level  Hunger
 Poisonous Vapours        Pois/Air       #.....       12%         2    ##.....
 Mephitic Cloud           Conj/Pois/Air  #.......     24%         3    ###....
 Olgreb's Toxic Radiance  Pois           ###.....     32%         4    #####..
 Venom Bolt               Conj/Pois      ##........   83%         5    ######.


Dungeon Overview and Level Annotations

Branches:
Dungeon (3/15)

Altars:
Ru


Innate Abilities, Weirdness & Mutations

Your plain brown scales are hard. (AC +5)
You cannot fit into any form of body armour.
You are cold-blooded and may be slowed by cold attacks.
Your body sometimes deteriorates upon taking damage.
Your flesh is heat resistant. (rF+)
You are robust. (+10% HP)
You are covered in fur. (AC +1)


Message History

The orc wizard hits you but does no damage.
You bump into the rock wall.
The orc completely misses you.
The orc wizard hits you but does no damage.
The orc hits you with a +0 flail.
* * * LOW HITPOINT WARNING * * *
The orc wizard misses you.
You closely miss the orc wizard.
The orc wizard is moderately wounded.
The orc wizard barely misses you. The orc completely misses you.
The orc wizard hits you but does no damage.
Unknown command.
You closely miss the orc wizard.
The orc wizard is moderately wounded.
You feel less confused. The orc misses you. The orc wizard closely misses you.
The orc closely misses you. The orc wizard closely misses you.
You hit the orc wizard but do no damage.
The orc wizard is moderately wounded.
The orc hits you with a +0 flail.
You die...

#o###...#
#.#.##.#
#####..##.##.#.#
#...†..o.......#
#.###.#.####....
#<# #.#)# # #.#
..#.###
#.#.#.#ooo#
#..###..#@# ###
#.#...# #.###.##
## ... #..##
#..# #:.# #..


You could see an orc wizard and 2 orcs.

Vanquished Creatures
  A jelly (D:3)
  Natasha (D:3)
  A gnoll (D:1)
  2 dart slugs (D:1)
  An orc (D:3)
  A ball python (D:2)
  4 bats
  3 giant cockroaches
  6 goblins
  5 hobgoblins
  4 jackals (D:2)
  6 kobolds
  A frilled lizard (D:2)
  2 rats
38 creatures vanquished.

Notes
Turn   | Place    | Note
-------+----------+-------------------------------------------
     0 | D:1      | Lokunos the Draconian Venom Mage began the quest for the
                  | Orb.
     0 | D:1      | Reached XP level 1. HP: 14/14 MP: 3/3
   255 | D:1      | Reached XP level 2. HP: 20/20 MP: 0/5
   819 | D:1      | Reached XP level 3. HP: 26/26 MP: 4/6
  1462 | D:2      | Found a sacrificial altar of Ru.
  1704 | D:2      | Became a worshipper of Ru the Awakened
  1825 | D:2      | Gained mutation: Your flesh is heat resistant. (rF+)
                  | [potion of mutation]
  1825 | D:2      | Gained mutation: You are covered in fur. (AC +1) [potion of
                  | mutation]
  1825 | D:2      | Gained mutation: Your body sometimes deteriorates upon
                  | taking damage. [potion of mutation]
  1825 | D:2      | Gained mutation: You are robust. (+10% HP) [potion of
                  | mutation]
  2230 | D:3      | Noticed Natasha
  2237 | D:3      | Killed Natasha
  2237 | D:3      | Reached skill level 4 in Poison Magic
  2237 | D:3      | Reached XP level 4. HP: 36/36 MP: 0/7
  2282 | D:3      | Slain by an orc

Skill      XL: |  1  2  3 |
---------------+----------+-----
Dodging        | 2 |  2.4
Stealth        | 2 |  2.3
Poison Magic   | 4 |  4.2
Spellcasting   | |  2.5
Conjurations   | |  1.7

Action                   |  1- 3 |  4- 6 || total
-------------------------+-------+-------++-------
Melee: Dagger            |     3 |       ||     3
       Tailslap          |     6 |     2 ||     8
       Short sword       |    21 |       ||    21
       Mace              |     8 |    16 ||    24
 Cast: Sting             |    63 |     1 ||    64
  Use: Scroll            |     6 |       ||     6
       Potion            |     3 |     2 ||     5
  Eat: Ration            |     1 |       ||     1
       Chunk             |     1 |       ||     1
Armor: Skin              |    15 |    10 ||    25
Dodge: Dodged            |    29 |    20 ||    49
